cohdb
Replays
Latest Replays
All Replays
Popular Replays
Top Player Replays
Match Explorer
How It Works
Community
CoH3 Stats
Reddit
Sign in to upload your games and track your stats! →
Sign in with Steam
Match 43646478
Unlisted
Match 43646478
Overview
Messages
Build Orders
End
Construct Infanterie Kompanie
MG 42 Machine Gun Team
Kettenkrad Recon Vehicle
GrW 34 Mortar Team
MG 42 Machine Gun Team
Construct Panzergrenadier Kompanie
251 Medium Carrier
Pak 40 Anti-tank Gun Team
Selects Italian Coastal Battlegroup
MG 42 Bunker
Panzergrenadier Squad
Selects Support Bunkers
Medical Bunker
Selects Designated Artillery Overwatch
Construct Panzer Kompanie
Panzer IV Medium Tank
Selects Coastal Reserves
Panzer Officer Quarters
Selects Artillery Officer
Panzer IV Medium Tank
Designated Artillery Overwatch
Selects Obice da 210/22 Artillery Emplacement
Stoßtruppen Squad
Side Skirts
Kettenkrad Recon Vehicle
Panzer IV Medium Tank
Kettenkrad Recon Vehicle
Selects Bulwark
MG 42 Bunker
Panzer IV Medium Tank
Stoßtruppen Squad
Panzer IV Medium Tank
Pioneer Squad
Repair Bunker
Kettenkrad Recon Vehicle
Panzer IV Medium Tank
MG 42 Bunker
Panzer IV Medium Tank
Panzer IV Medium Tank
Panzer IV Medium Tank
MG 42 Bunker
Designated Artillery Overwatch
Panzer IV Medium Tank
Tatari◑。
白象火鸡面真好吃
vincent
ganxuezhao1
Frankenfreund
Silent Penguin
HMMhy
L2oGUN
0
0
Comments
sign in to comment!
No comments posted yet!